[Event "Early-Titled-Tuesday-Blitz-February-20-2024"]
[Site "Chess.com"]
[Date "2024.02.20"]
[Round "8"]
[White "ketster"]
[Black "GoltsevDmitry2000"]
[Result "1/2-1/2"]
[WhiteElo "2589"]
[BlackElo "2773"]
[TimeControl "180+1"]
[EndTime "9:29:52 PST"]
[Termination "Game drawn by agreement"]

1. d4 e6 2. Nf3 d5 3. g3 Nf6 4. Bg2 c5 5. c4 dxc4 6. O-O Nc6 7. dxc5 Qxd1 8. Rxd1 Bxc5 9. Nbd2 Bxf2+ 10. Kxf2 Ng4+ 11. Kg1 Ne3 12. Re1 Nb4 13. Ne4 Nxg2 14. Kxg2 Nc2 15.
Bf4 Nxa1 16. Nd6+ Ke7 17. Rxa1 f6 18. Nxc4 e5 19. Bd2 Be6 20. Bb4+ Kf7 21. Nd6+ Kg6 22.
Nh4+ Kh6 23. Nhf5+ Bxf5 24. Nxf5+ Kg6 25. e4 Rhd8 26. Rc1 Rd7 27. Ne7+ Kf7 28. Nd5 f5 29. Kf3 fxe4+ 30. Kxe4 Rad8 31. Rd1 Ke6 32. Nc7+ Rxc7 33. Rxd8 Rc4+ 34. Ke3 Rxb4 35. b3 a5 36. Ra8 b6 37.
Ra7 Kf6 38. Ra6 h5 39. Kf3 g5 40. Ke3 Kf5 41. Ra8 Kg4 42. Rg8 a4 43. bxa4 1/2-1/2

[Event "Early-Titled-Tuesday-Blitz-February-20-2024"]
[Site "Chess.com"]
[Date "2024.02.20"]
[Round "8"]
[White "mbojan"]
[Black "OparinGrigoriy"]
[Result "1-0"]
[WhiteElo "2880"]
[BlackElo "2995"]
[TimeControl "180+1"]
[EndTime "9:29:54 PST"]
[Termination "mbojan won by resignation"]

1. e4 c6 2. d4 d5 3. Nc3 dxe4 4. Nxe4 Nf6 5. Nxf6+ exf6 6. c3 Bd6 7. Bd3 O-O 8. Qc2 Re8+ 9. Ne2 h5 10. h3 Nd7 11. O-O h4 12. Bd2 Nf8 13. Rae1 Be6 14. f4 Rc8 15. f5 Bd7 16. c4 Nh7 17. Qd1 Ng5 18. Nc3 Bg3 19. Rxe8+ Bxe8 20. Qg4 Qb6 21. b3 Rd8 22. Ne2 Qc7 23. Bxg5 fxg5 24. f6 g6 25. Qxg5 Qd6 26. c5 Qf8 27. Bc4 Rd5 28. Bxd5 cxd5 29. Nxg3 hxg3 30. Qxg3 Bb5 31. Re1 Qh6 32. Qe3 Qh4 33.
Qe5 Kh7 34. Re3 Qh6 35. Kh2 Bd7 36. Rf3 Be6 37. Qf4 Qh5 38. Re3 Kg8 39. Qb8+ Kh7 40. Rxe6 fxe6 41. f7 1-0

[Event "Early-Titled-Tuesday-Blitz-February-20-2024"]
[Site "Chess.com"]
[Date "2024.02.20"]
[Round "8"]
[White "NovoselovRoman"]
[Black "Nikolakis2014"]
[Result "0-1"]
[WhiteElo "2546"]
[BlackElo "2743"]
[TimeControl "180+1"]
[EndTime "9:29:54 PST"]
[Termination "Nikolakis2014 won by resignation"]

1. d4 Nf6 2. Nc3 d5 3. Bg5 Nbd7 4. Nf3 c6 5. e3 e6 6. Bd3 h6 7. Bh4 Be7 8. O-O c5 9. Ne5 O-O 10. Nxd7 Bxd7 11. dxc5 Bxc5 12. e4 Be7 13. Bxf6 Bxf6 14. exd5 Bxc3 15. bxc3 exd5 16. Qh5 Be6 17. Rab1 b6 18. Rb4 Rc8 19. Qf3 Qc7 20. g4 Qxc3 21.
Rf4 Qe5 22. h4 Rc3 23. a4 Rfc8 24. a5 bxa5 25. Ra4 g6 26. Rxa5 R8c4 27. Rfa1 Rxg4+ 28. Kf1 Rxh4 29. Rxa7 Bh3+ 30. Kg1 Rg4+ 31. Kh1 Bg2+ 32. Qxg2 Rxg2 33. Kxg2 Rc7 34. Ra8+ Kg7 35. R1a5 Qg5+ 36. Kf1 h5 37. R8a6 h4 38. Rd6 h3 39.
Rdxd5 Qg2+ 40. Ke2 Re7+ 41. Kd2 Qxf2+ 42. Kc3 h2 0-1

[Event "Early-Titled-Tuesday-Blitz-February-20-2024"]
[Site "Chess.com"]
[Date "2024.02.20"]
[Round "8"]
[White "falzehope0"]
[Black "JoliyRoger"]
[Result "1-0"]
[WhiteElo "2414"]
[BlackElo "2510"]
[TimeControl "180+1"]
[EndTime "9:29:55 PST"]
[Termination "falzehope0 won on time"]

1. d4 Nf6 2. e3 e6 3. Bd3 b6 4. f4 Bb7 5. Nf3 Be4 6. O-O d5 7.
b3 Bd6 8. Nbd2 O-O 9. Bb2 Nbd7 10. Ne5 c5 11. dxc5 Nxc5 12. Nc6 Qe8 13. Bxf6 Qxc6 14. Bxe4 dxe4 15. Qg4 g6 16. Qg5 Rfe8 17. Nc4 Bf8 18.
Rad1 h6 19. Qh4 Nd7 20. Bb2 f5 21. Qg3 Kh7 22. Rd2 b5 23. Rfd1 Nf6 24. Ne5 Qa6 25.
Qxg6+ 1-0

[Event "Early-Titled-Tuesday-Blitz-February-20-2024"]
[Site "Chess.com"]
[Date "2024.02.20"]
[Round "8"]
[White "GM_Huschenbeth"]
[Black "only_strong_moves"]
[Result "1-0"]
[WhiteElo "2511"]
[BlackElo "2629"]
[TimeControl "180+1"]
[EndTime "9:29:56 PST"]
[Termination "GM_Huschenbeth won by checkmate"]

1. e4 e5 2. Nf3 Nc6 3. Bc4 Nf6 4.
d3 Be7 5. a4 O-O 6. a5 d5 7. exd5 Nxd5 8. h3 Bf5 9. O-O Nf6 10.
Nc3 e4 11. dxe4 Nxe4 12. Nd5 Bc5 13. Be3 Qd6 14. Bf4 Bxf2+ 15. Rxf2 Qc5 16. Ne3 Nxf2 17.
Kxf2 Rad8 18. Qe1 Rfe8 19. Qc3 b6 20. axb6 axb6 21. Bb3 Qxc3 22. bxc3 Be4 23. Ng5 Bg6 24. Ba4 Rd2+ 25. Ke1 Rxe3+ 26. Bxe3 Rd6 27. Bxc6 Rxc6 28. Ra8# 1-0

[Event "Early-Titled-Tuesday-Blitz-February-20-2024"]
[Site "Chess.com"]
[Date "2024.02.20"]
[Round "8"]
[White "mary-sanna"]
[Black "Kapitan_Bayan"]
[Result "1-0"]
[WhiteElo "2169"]
[BlackElo "2338"]
[TimeControl "180+1"]
[EndTime "9:29:56 PST"]
[Termination "mary-sanna won by resignation"]

1. d4 d5 2. c4 dxc4 3. Nf3 Nf6 4.
e3 e6 5. Bxc4 a6 6. O-O c5 7.
Nc3 b5 8. Bd3 Bb7 9. a3 Nbd7 10.
Bd2 Be7 11. Rc1 Rc8 12. Bb1 O-O 13. Re1 b4 14. axb4 cxb4 15. Na4 Ne4 16. Qe2 Ndf6 17.
Rxc8 Qxc8 18. Nb6 Qc6 19. Nc4 Nxd2 20. Ncxd2 h6 21. Qd3 Qb5 22. Qxb5 axb5 23. Bd3 Rc8 24. Bxb5 Rc2 25. b3 Ne4 26. Nxe4 Bxe4 27. Ra1 Rc3 28.
Nd2 Bc2 29. Ra8+ Kh7 30. Ra7 Bf6 31. Rxf7 Bxb3 32. Nxb3 Rxb3 33. g3 Rb1+ 34. Kg2 b3 35. Rb7 e5 36. Bd3+ 1-0

[Event "Early-Titled-Tuesday-Blitz-February-20-2024"]
[Site "Chess.com"]
[Date "2024.02.20"]
[Round "8"]
[White "mjelcic"]
[Black "Muracle"]
[Result "1-0"]
[WhiteElo "2226"]
[BlackElo "2463"]
[TimeControl "180+1"]
[EndTime "9:29:57 PST"]
[Termination "mjelcic won by checkmate"]

1. d4 Nf6 2. c4 e6 3. Nc3 Bb4 4. Bd2 O-O 5. Nf3 d5 6. e3 b6 7. cxd5 exd5 8. Be2 c6 9. O-O Bd6 10. Rc1 Nbd7 11. a3 Bb7 12. Bd3 h6 13. Bb1 a5 14. Qc2 Qe7 15. Rfe1 b5 16. e4 b4 17. e5 bxc3 18. exf6 Nxf6 19. Rxe7 cxd2 20. Rxb7 dxc1=Q+ 21.
Qxc1 Rab8 22. Rxb8 Rxb8 23. Bc2 c5 24. dxc5 Bxc5 25.
g3 Ba7 26. Bf5 Re8 27. Qc6 Ne4 28. Qxe8# 1-0

[Event "Early-Titled-Tuesday-Blitz-February-20-2024"]
[Site "Chess.com"]
[Date "2024.02.20"]
[Round "8"]
[White "Muslim_player_05"]
[Black "Felix-Rose"]
[Result "1-0"]
[WhiteElo "2478"]
[BlackElo "2281"]
[TimeControl "180+1"]
[EndTime "9:29:59 PST"]
[Termination "Muslim_player_05 won by resignation"]

1. d4 d5 2. c4 e6 3. Nc3 Nf6 4. cxd5 exd5 5. Bg5 c6 6. e3 Be7 7.
Bd3 Nbd7 8. Qc2 h6 9. Bh4 Nh5 10. Bxe7 Qxe7 11. Nge2 Nb6 12. O-O-O Be6 13. Kb1 O-O-O 14.
Na4 Nxa4 15. Qxa4 Kb8 16. Rc1 Rc8 17. Rc3 g6 18. Nc1 Ng7 19. Nb3 Bf5 20. Nc5 Bxd3+ 21.
Rxd3 Ne6 22. Rc1 Nxc5 23. dxc5 Rhe8 24. f3 f5 25. Ra3 a6 26. Qf4+ Qe5 27. Qxh6 Rh8 28.
Qxg6 Rcg8 29. Qd6+ Qxd6 30. cxd6 Rxg2 31. Rb3 Rhxh2 32.
Rxc6 Rxb2+ 33. Rxb2 Rxb2+ 34. Kxb2 bxc6 35. Kc3 Kc8 36. Kd4 a5 37. Kc5 Kd7 38. f4 a4 39. a3 1-0

[Event "Early-Titled-Tuesday-Blitz-February-20-2024"]
[Site "Chess.com"]
[Date "2024.02.20"]
[Round "8"]
[White "Grandelicious"]
[Black "FairChess_on_YouTube"]
[Result "1/2-1/2"]
[WhiteElo "2901"]
[BlackElo "3064"]
[TimeControl "180+1"]
[EndTime "9:30:01 PST"]
[Termination "Game drawn by repetition"]

1. d4 Nf6 2. Nf3 e6 3. g3 b5 4.
Qd3 a6 5. e4 Bb7 6. e5 Nd5 7.
Bg2 c5 8. dxc5 Bxc5 9. O-O Nc6 10. a3 Qc7 11. Re1 h6 12. Nbd2 O-O 13. Ne4 Be7 14.
b3 Nxe5 15. Nxe5 Qxe5 16. Bxh6 gxh6 17. Nc5 Qxe1+ 18. Rxe1 Bxc5 19. c4 bxc4 20. bxc4 Nf6 21. Bxb7 Ra7 22. Bf3 d6 23. Rb1 a5 24. Rb7 Rxb7 25.
Bxb7 Rb8 26. Qf3 Nd7 27. Qc6 Ne5 28. Qc7 Rf8 29. Qxa5 Nxc4 30. Qa4 Nxa3 31. Qg4+ Kh8 32. Qh4 Kg7 33. Qg4+ Kh8 34. Qh4 Kg7 35. Qg4+ Kh8 1/2-1/2

[Event "Early-Titled-Tuesday-Blitz-February-20-2024"]
[Site "Chess.com"]
[Date "2024.02.20"]
[Round "8"]
[White "Fighterman91"]
[Black "tptagain"]
[Result "1-0"]
[WhiteElo "2794"]
[BlackElo "2954"]
[TimeControl "180+1"]
[EndTime "9:30:01 PST"]
[Termination "Fighterman91 won by resignation"]

1. d4 d5 2. Nf3 e6 3. Bf4 Nf6 4. e3 c5 5. Nbd2 Nc6 6. c3 cxd4 7. exd4 Nh5 8. Be3 Bd6 9. Bd3 Nf4 10. Bxf4 Bxf4 11.
g3 Bh6 12. O-O O-O 13. Re1 Bd7 14. Nf1 f6 15. Ne3 g6 16. h4 Kh8 17. h5 gxh5 18. Kg2 e5 19. dxe5 fxe5 20. Nxd5 Bg4 21. Be4 Qd7 22.
Ne3 Qf7 23. Qe2 Bxe3 24. Qxe3 Rae8 25. Rh1 Qg7 26. Rh4 Re6 27. Nh2 Ref6 28. Nxg4 hxg4 29. Rxh7+ Qxh7 30. Bxh7 Kxh7 31. Rh1+ Kg6 32. Qe4+ Kg5 33. Qe3+ Kf5 34. Rh5+ Ke6 35. Rh6 Ne7 36. Rxf6+ Rxf6 37. Qe4 1-0

[Event "Early-Titled-Tuesday-Blitz-February-20-2024"]
[Site "Chess.com"]
[Date "2024.02.20"]
[Round "8"]
[White "Hudijegszid"]
[Black "SaiAgni_98"]
[Result "0-1"]
[WhiteElo "2357"]
[BlackElo "2574"]
[TimeControl "180+1"]
[EndTime "9:30:02 PST"]
[Termination "SaiAgni_98 won by resignation"]

1. Nf3 Nf6 2. g3 d6 3. d4 Nbd7 4. Bg2 e5 5. O-O Be7 6. c4 O-O 7. Nc3 c6 8. b3 a5 9. Bb2 Re8 10. Qc2 Qc7 11. Rad1 exd4 12. Nxd4 Nc5 13. Nf5 Bf8 14.
Rd2 Be6 15. Rfd1 Rad8 16. Ba3 g6 17. Nd4 Bc8 18. e4 Bh6 19. f4 Na6 20. Ncb5 cxb5 21. Nxb5 Qb6+ 22. Kh1 Ng4 23. Nxd6 Ne3 24. Qc1 Nxd1 25.
Qxd1 Nb4 26. Nxe8 Rxe8 27. e5 Bf8 28. Bb2 h5 29. h4 Bg4 30. Qe1 Rd8 31. a3 Nd3 32.
Qb1 Nf2+ 33. Rxf2 Qxf2 34. Bc3 Rd1+ 0-1

[Event "Early-Titled-Tuesday-Blitz-February-20-2024"]
[Site "Chess.com"]
[Date "2024.02.20"]
[Round "8"]
[White "Lennis93"]
[Black "komogro"]
[Result "1-0"]
[WhiteElo "2698"]
[BlackElo "2525"]
[TimeControl "180+1"]
[EndTime "9:30:03 PST"]
[Termination "Lennis93 won on time"]

1. d4 Nf6 2. Bg5 d5 3. Bxf6 exf6 4. e3 Bd6 5. Bd3 c6 6. Nd2 Nd7 7. c4 dxc4 8. Nxc4 Bc7 9. Ne2 O-O 10. Qc2 g6 11. h4 f5 12. h5 Nf6 13. hxg6 hxg6 14. Ne5 Kg7 15. Bc4 Ne4 16. f3 Bxe5 17. dxe5 Qa5+ 18.
Nc3 Ng3 19. Rh4 Qxe5 20. Qd2 Be6 21. Bxe6 Qxe6 22. Qd4+ f6 23. Qf4 g5 24. Qc7+ Rf7 25.
Qxg3 f4 26. Qg4 Qxe3+ 27. Kf1 Rd8 28. Re1 Qc5 29. Rh5 Rd2 30. Ne4 Qb5+ 31. Kg1 Qxb2 32. Nxd2 Qxd2 33. Qe6 Kg6 34. Rh8 Qd4+ 35. Kh1 Rh7+ 36.
Rxh7 Kxh7 37. Qf7+ Kh6 38. Re8 1-0

[Event "Early-Titled-Tuesday-Blitz-February-20-2024"]
[Site "Chess.com"]
[Date "2024.02.20"]
[Round "8"]
[White "karinachess1"]
[Black "dosto07"]
[Result "1-0"]
[WhiteElo "2663"]
[BlackElo "2493"]
[TimeControl "180+1"]
[EndTime "9:30:03 PST"]
[Termination "karinachess1 won by checkmate"]

1. d4 Nf6 2. c4 e6 3. Nc3 Bb4 4. a3 Bxc3+ 5. bxc3 d5 6. f3 O-O 7. cxd5 exd5 8. e3 b6 9. Bd3 Ba6 10. Bc2 c5 11. Ne2 Nc6 12. O-O Re8 13. Re1 Rc8 14.
Ng3 cxd4 15. cxd4 Nxd4 16. Bxh7+ Kxh7 17. Qxd4 Kg8 18. Bb2 Rc4 19. Qd3 Ra4 20. Qf5 Qc8 21. Qg5 d4 22. Nf5 g6 23. Nh6+ Kg7 24. Bxd4 Rxd4 25.
exd4 Rh8 26. Ng4 Nxg4 27. Qxg4 Qc7 28. Qg3 Qd7 29. Qe5+ Kh7 30. Rac1 Rd8 31. Rc7 Qxd4+ 32.
Qxd4 Rxd4 33. Rxf7+ Kh6 34. Rxa7 Bc4 35. Re4 Rd1+ 36.
Kf2 b5 37. h4 Rd2+ 38. Kg3 Ra2 39. Ree7 g5 40. Ra6+ Kh5 41. Rh7# 1-0

[Event "Early-Titled-Tuesday-Blitz-February-20-2024"]
[Site "Chess.com"]
[Date "2024.02.20"]
[Round "8"]
[White "angelgab3"]
[Black "platy3"]
[Result "0-1"]
[WhiteElo "2764"]
[BlackElo "2956"]
[TimeControl "180+1"]
[EndTime "9:30:04 PST"]
[Termination "platy3 won by resignation"]

1. e4 c5 2. Nf3 e6 3. g3 Nc6 4.
Bg2 Nf6 5. Qe2 e5 6. O-O d6 7. c3 Be7 8. Rd1 Bg4 9. h3 Bh5 10.
Na3 O-O 11. Nc2 Rc8 12. d4 cxd4 13. cxd4 Qb6 14. b3 exd4 15. Bb2 Rfe8 16. g4 Bg6 17. Nfxd4 d5 18. Nxc6 bxc6 19. e5 Ne4 20. Ne3 Bg5 21. Rac1 h6 22. Bd4 Qb4 23. Qe1 Qxe1+ 24. Rxe1 Bf4 25.
Bxa7 Bxe5 26. Nf5 Bf4 27. Rc2 Nd6 28. Rxe8+ Rxe8 29. Nxd6 Re1+ 30. Bf1 Bxc2 0-1

[Event "Early-Titled-Tuesday-Blitz-February-20-2024"]
[Site "Chess.com"]
[Date "2024.02.20"]
[Round "8"]
[White "DvaHrasta"]
[Black "fabianvivasz"]
[Result "1-0"]
[WhiteElo "2521"]
[BlackElo "2380"]
[TimeControl "180+1"]
[EndTime "9:30:04 PST"]
[Termination "DvaHrasta won by resignation"]

1. c4 Nf6 2. g3 c5 3. Bg2 d5 4. cxd5 Nxd5 5. Nc3 Nc7 6. Nf3 Nc6 7. O-O e5 8. d3 Bd7 9. Nd2 Be7 10. Nc4 f6 11. f4 b5 12. Ne3 exf4 13. gxf4 O-O 14. Ncd5 Rb8 15. Nxc7 Qxc7 16. Nd5 Qd8 17. e4 Be6 18. Be3 Bxd5 19. exd5 Nd4 20. Bxd4 cxd4 21. Rc1 Rc8 22. Qe2 Qd6 23. Bh3 Rxc1 24. Rxc1 Qxf4 25. Rf1 Qe3+ 26.
Qxe3 dxe3 27. d4 Bb4 28. Bg4 f5 29. Be2 f4 30. Kg2 g5 31. h3 Kg7 32. Bxb5 Rc8 33.
a3 Rc2+ 34. Kf3 Bd6 35. b4 Kf6 36. Bd7 h5 37. Ke4 e2 38. Re1 a5 39. Kd3 axb4 40. Kxc2 bxa3 41. Rxe2 Bb4 42. Kb3 Bf8 43. d6 Bxd6 44.
Re6+ Kf7 45. Rxd6 f3 46. Bc6 f2 47. Bg2 g4 48. hxg4 hxg4 49. Kxa3 Ke7 1-0

[Event "Early-Titled-Tuesday-Blitz-February-20-2024"]
[Site "Chess.com"]
[Date "2024.02.20"]
[Round "8"]
[White "manipun1"]
[Black "ajedrez-facil"]
[Result "0-1"]
[WhiteElo "2389"]
[BlackElo "2256"]
[TimeControl "180+1"]
[EndTime "9:30:06 PST"]
[Termination "ajedrez-facil won by resignation"]

1. e4 c5 2. Nf3 d6 3. Bb5+ Nd7 4. O-O a6 5. Bxd7+ Bxd7 6. d4 cxd4 7. Qxd4 Nf6 8. a4 g6 9. e5 dxe5 10. Nxe5 Be6 11. Qh4 Bg7 12. Nc3 Qc7 13. Nf3 h5 14. Bf4 Qc4 15. Ng5 Bg4 16. Be3 Be2 17. Qxc4 Bxc4 18.
Rad1 Rc8 19. Rfe1 O-O 20. Bb6 e6 21. a5 Nd5 22. Bd4 Nxc3 23. bxc3 Bd5 24. f3 Rc4 25. Kf2 Rfc8 26. Rd2 Bxd4+ 27. cxd4 Rxc2 28. Ree2 R2c4 29.
Nh3 Ra4 30. Nf4 Rxa5 31. Rb2 b5 32. Nxd5 exd5 33. Re7 Ra4 34. Ra7 Rcc4 35. Re2 Rxd4 36. Re8+ Kg7 37. Ree7 Rf4 38. Kg3 Rf5 39. h4 Ra2 40.
Red7 a5 41. Rdb7 b4 42. Rb5 d4 43. Rxf5 gxf5 44. Rd7 b3 45. Rxd4 b2 46. Rd1 Ra1 0-1

[Event "Early-Titled-Tuesday-Blitz-February-20-2024"]
[Site "Chess.com"]
[Date "2024.02.20"]
[Round "8"]
[White "Salem-AR"]
[Black "Tocras"]
[Result "1-0"]
[WhiteElo "2980"]
[BlackElo "2716"]
[TimeControl "180+1"]
[EndTime "9:30:09 PST"]
[Termination "Salem-AR won on time"]

1. d4 Nf6 2. Nf3 b6 3. Bf4 Bb7 4. e3 e6 5. h3 d5 6. Bd3 Bd6 7. Nbd2 c5 8. c3 Nc6 9. Ne5 Qc7 10. Ndf3 Ne4 11. O-O f6 12. Nxc6 Bxf4 13. exf4 Bxc6 14. Qc1 O-O 15. Qe3 Rfe8 16. Rfe1 cxd4 17. Nxd4 Nc5 18. Bc2 e5 19. fxe5 fxe5 20. Nxc6 Qxc6 21. Rad1 Rad8 22. Rd2 Ne6 23. Red1 Nf4 24. Be4 Kh8 25. g3 Nxh3+ 26. Kh2 Qf6 27. Bxd5 Rxd5 28. Rxd5 Nxf2 29. R1d4 h5 30. Kg2 Ng4 31. Qe2 Rf8 32. Rd1 Qc6 33. Kg1 Rf2 34. Qe4 1-0

[Event "Early-Titled-Tuesday-Blitz-February-20-2024"]
[Site "Chess.com"]
[Date "2024.02.20"]
[Round "8"]
[White "Louis-Paulsen-Fan"]
[Black "ARMQUEEN"]
[Result "1-0"]
[WhiteElo "2244"]
[BlackElo "2476"]
[TimeControl "180+1"]
[EndTime "9:30:10 PST"]
[Termination "Louis-Paulsen-Fan won by resignation"]

1. d4 Nf6 2. Nf3 c5 3. d5 e6 4. c4 exd5 5. cxd5 d6 6. Nc3 g6 7. e4 Bg7 8. Be2 a6 9. a4 Bg4 10. Bg5 Bxf3 11. Bxf3 Nbd7 12. O-O O-O 13. Qc2 Qe7 14.
Rfe1 h6 15. Bh4 Ne5 16. Be2 g5 17. Bg3 h5 18. h4 gxh4 19. Bxh4 Ng6 20. Bg3 h4 21.
Bh2 Ne5 22. Qd1 c4 23. f4 Nd3 24. Bxd3 cxd3 25. Qxd3 Ng4 26. Rad1 Qc7 27. Re2 Qb6+ 28.
Kh1 Nf2+ 29. Rxf2 Qxf2 30. e5 Qxb2 31. Ne4 dxe5 32. Ng5 f5 33. d6 Qa2 34. fxe5 Rac8 35. d7 Rcd8 36. e6 Bf6 37. Qxf5 Bxg5 38. Qxg5+ Kh7 39.
Qh5+ Kg7 40. Be5+ 1-0

[Event "Early-Titled-Tuesday-Blitz-February-20-2024"]
[Site "Chess.com"]
[Date "2024.02.20"]
[Round "8"]
[White "Hope_6"]
[Black "davigator"]
[Result "0-1"]
[WhiteElo "2734"]
[BlackElo "2370"]
[TimeControl "180+1"]
[EndTime "9:30:10 PST"]
[Termination "davigator won by resignation"]

1. d4 Nf6 2. c4 e6 3. Nf3 Bb4+ 4. Nbd2 b6 5. g3 Bb7 6. Bg2 O-O 7. O-O d5 8. cxd5 exd5 9. a3 Bd6 10. Ne5 c5 11. e3 Qc7 12. Ndf3 Nbd7 13. Nd3 Ne4 14. Bd2 Rad8 15. Rc1 Qb8 16. Bc3 c4 17. Nf4 a5 18. Nd2 Ndf6 19. f3 Nxc3 20. Rxc3 b5 21. Rc1 b4 22. axb4 axb4 23. Qc2 g6 24. Bh3 Qc7 25. Ne2 Rfe8 26. Kf2 Qe7 27. e4 dxe4 28. Nxc4 exf3 29. Nf4 Bxf4 30. gxf4 Nd5 31. Ne5 Qh4+ 32. Kg1 Qxh3 33. Rxf3 Qh4 34. Qc5 Nxf4 35. Qc7 Bd5 36. Rf2 Qg5+ 37. Kf1 Rc8 38. Qxc8 Rxc8 39. Rxc8+ Kg7 40.
Rc7 Qf5 41. h4 Qb1+ 0-1

[Event "Early-Titled-Tuesday-Blitz-February-20-2024"]
[Site "Chess.com"]
[Date "2024.02.20"]
[Round "8"]
[White "BillCoe"]
[Black "Al_Shima"]
[Result "0-1"]
[WhiteElo "2144"]
[BlackElo "2384"]
[TimeControl "180+1"]
[EndTime "9:30:10 PST"]
[Termination "Al_Shima won by resignation"]

1. e4 c6 2. d4 d5 3. Nc3 dxe4 4. Nxe4 Nf6 5. Nxf6+ exf6 6. Nf3 Bd6 7. h3 O-O 8. Bd3 Re8+ 9. Be3 Na6 10. c3 Nc7 11.
O-O Nd5 12. Bd2 Be6 13. Qc2 Qd7 14. Rfe1 h6 15. Rad1 Re7 16. Bf1 Rae8 17. a3 Nf4 18.
Be3 Bd5 19. Bxf4 Bxf4 20. Rxe7 Rxe7 21. Be2 Qe6 22. Bf1 Bb3 23. Qd3 Bxd1 24. Qxd1 g6 25. Qa4 b5 26. Qb4 Bc7 27. d5 cxd5 28. Qxb5 Bb6 29. a4 Bc7 30. Nd4 Qd6 31. Nf3 Bb6 32. a5 Bc7 33. b4 Qe6 34. Nd4 Qe5 35. Nf3 Qe4 36. Qc5 h5 37. Bd3 Qe6 38. Kf1 Be5 39.
Nd4 Bxd4 0-1

[Event "Early-Titled-Tuesday-Blitz-February-20-2024"]
[Site "Chess.com"]
[Date "2024.02.20"]
[Round "8"]
[White "David_George21"]
[Black "Lucky_Puncher"]
[Result "1-0"]
[WhiteElo "2344"]
[BlackElo "2495"]
[TimeControl "180+1"]
[EndTime "9:30:11 PST"]
[Termination "David_George21 won on time"]

1. e4 c5 2. Nf3 d6 3. d4 cxd4 4. Nxd4 Nf6 5. Nc3 a6 6. Bg5 e6 7. f4 Qb6 8. a3 Be7 9. Qd2 h6 10. Bxf6 Bxf6 11. O-O-O O-O 12. g4 Nc6 13. Nb3 Bxc3 14.
Qxc3 e5 15. f5 Rd8 16. h4 a5 17. a4 Qb4 18. Qxb4 axb4 19. Bb5 Ne7 20. Rd3 d5 21. exd5 Rxd5 22. Rhd1 Rxd3 23. Rxd3 h5 24. Rd8+ Kh7 25. Bd3 f6 26. g5 Ng8 27. g6+ Kh8 28. Nc5 b6 29. Bc4 Be6 30. Nxe6 Rxd8 31. Nxd8 Ne7 32. Nf7+ 1-0

[Event "Early-Titled-Tuesday-Blitz-February-20-2024"]
[Site "Chess.com"]
[Date "2024.02.20"]
[Round "8"]
[White "Christ_is_alive"]
[Black "cthake"]
[Result "1-0"]
[WhiteElo "2266"]
[BlackElo "1777"]
[TimeControl "180+1"]
[EndTime "9:30:11 PST"]
[Termination "Christ_is_alive won by checkmate"]

1. e4 e6 2. d4 d5 3. Nd2 Nf6 4. e5 Nfd7 5. Bd3 c5 6. c3 Nc6 7. Ne2 Qb6 8. Nf3 cxd4 9. cxd4 Bb4+ 10. Kf1 f6 11. exf6 Nxf6 12. h4 Bd7 13. h5 O-O-O 14. h6 g6 15. a3 Bd6 16. b4 e5 17. dxe5 Nxe5 18. Be3 Qc7 19. Rc1 Nc4 20. Bd4 Rhf8 21. Qb3 b5 22. a4 a6 23. axb5 Bxb5 24. Kg1 Kb7 25. Nc3 Bf4 26. Rc2 Qd7 27. Ra2 Ra8 28. g3 Bc7 29. Kg2 Ne4 30. Nxe4 dxe4 31. Bxe4+ Bc6 32.
Qc2 Bxe4 33. Qxe4+ Qc6 34. Qxc6+ Kxc6 35. Rc1 Kb5 36.
Rac2 Bb6 37. Rxc4 Bxd4 38. Nxd4+ Ka4 39. Ra1# 1-0

[Event "Early-Titled-Tuesday-Blitz-February-20-2024"]
[Site "Chess.com"]
[Date "2024.02.20"]
[Round "8"]
[White "Bigfish1995"]
[Black "Sina_Movahed"]
[Result "1-0"]
[WhiteElo "3177"]
[BlackElo "2963"]
[TimeControl "180+1"]
[EndTime "9:30:13 PST"]
[Termination "Bigfish1995 won by resignation"]

1. e4 c5 2. Nf3 d6 3. Bb5+ Nd7 4. a4 a6 5. Be2 Ngf6 6. Nc3 g6 7. O-O Bg7 8. a5 O-O 9. d3 b5 10. axb6 Nxb6 11.
Qd2 a5 12. Qf4 a4 13. Qh4 Bg4 14. e5 dxe5 15. Be3 Ra5 16. h3 Bxf3 17. Bxf3 e6 18. b4 cxb4 19. Qxb4 Nbd5 20. Nxd5 Nxd5 21. Bxd5 exd5 22. Bb6 Qg5 23. Qxa5 e4 24. dxe4 Bxa1 25. Rxa1 Rb8 26. Bd4 Qf4 27. Qxd5 Rc8 28. g3 Qc7 29. c3 Rd8 30. Qb5 Rb8 31. Qxa4 Qb7 32. Qa7 Qb3 33. Qc7 Re8 34. Qc6 Qb8 35. Qf6 1-0

[Event "Early-Titled-Tuesday-Blitz-February-20-2024"]
[Site "Chess.com"]
[Date "2024.02.20"]
[Round "8"]
[White "NewBornNow"]
[Black "Grischuk"]
[Result "1/2-1/2"]
[WhiteElo "2800"]
[BlackElo "3080"]
[TimeControl "180+1"]
[EndTime "9:30:13 PST"]
[Termination "Game drawn by repetition"]

1. e4 e5 2. Nf3 Nc6 3. Nc3 Nf6 4. Bb5 Nd4 5. Be2 d6 6. d3 c5 7. Bg5 Be7 8. Bxf6 Bxf6 9. Nxd4 cxd4 10. Nd5 Be6 11.
Nxf6+ Qxf6 12. O-O O-O 13. Qd2 Rac8 14. c4 dxc3 15. bxc3 d5 16. Bf3 Rfd8 17. Rfe1 h6 18. a4 dxe4 19. Bxe4 Bd5 20. h3 Qc6 21. Bxd5 Rxd5 22.
c4 Rc5 23. a5 Rd8 24. Qc3 f6 25. Rab1 Rd7 26. Rb3 Qc7 27. Reb1 Qxa5 28. Qxa5 Rxa5 29. Rxb7 Rxb7 30. Rxb7 Ra1+ 31. Kh2 a5 32. Ra7 a4 33.
Kg3 Rd1 34. Rxa4 Rxd3+ 35. f3 Kh7 36. Ra7 Rc3 37. Rc7 h5 38. h4 Kg6 39. Kf2 Rc2+ 40.
Kg3 Rc3 41. Kf2 Rc2+ 42. Kg3 Rc3 1/2-1/2

[Event "Early-Titled-Tuesday-Blitz-February-20-2024"]
[Site "Chess.com"]
[Date "2024.02.20"]
[Round "8"]
[White "kleopl"]
[Black "Kotofeyca"]
[Result "0-1"]
[WhiteElo "2511"]
[BlackElo "2415"]
[TimeControl "180+1"]
[EndTime "9:30:14 PST"]
[Termination "Kotofeyca won by resignation"]

1. e4 c5 2. Nc3 d6 3. d4 cxd4 4. Qxd4 a6 5. b3 Nc6 6. Qd2 g6 7. Bb2 Bh6 8. f4 e5 9. g3 exf4 10. gxf4 Qh4+ 11. Qf2 Qxf2+ 12. Kxf2 Bg7 13. Rd1 Nb4 14. Rd2 Nxa2 15. Nxa2 Bxb2 16. Rxd6 Nf6 17. Bg2 Ke7 18. e5 Ng4+ 19. Ke2 Ba3 20. Rd1 Bc5 21. Rd5 Ba7 22. Nc3 Nf2 23. Nf3 Nxh1 24. Bxh1 Be6 25. Rd3 h6 26. Nd4 Bxd4 27. Rxd4 Rab8 28. Nd5+ Bxd5 29.
Bxd5 b5 30. c4 bxc4 31. Bxc4 a5 32. Rd5 Ra8 33. Bb5 Rhd8 34. Rc5 Rac8 35. Rxc8 Rxc8 36. Kd3 Rc1 37. Ba4 Rf1 38. Ke4 Rh1 39. f5 gxf5+ 40. Kxf5 Rxh2 41. Kg4 Re2 42. Kf5 Rg2 43.
Bc6 Rg1 44. Bd5 h5 45. Bf3 h4 46. Bg4 Rxg4 47. Kxg4 Ke6 48. Kxh4 Kxe5 49. Kg4 Kd4 0-1

[Event "Early-Titled-Tuesday-Blitz-February-20-2024"]
[Site "Chess.com"]
[Date "2024.02.20"]
[Round "8"]
[White "BogdanDeac"]
[Black "xamax2000"]
[Result "1/2-1/2"]
[WhiteElo "3048"]
[BlackElo "2894"]
[TimeControl "180+1"]
[EndTime "9:30:15 PST"]
[Termination "Game drawn by agreement"]

1. d4 d5 2. Nf3 Nf6 3. Bf4 Bf5 4. e3 e6 5. c4 Nbd7 6. Nc3 Bb4 7. Be2 O-O 8. O-O dxc4 9. Bxc4 Nb6 10. Qb3 Bxc3 11.
bxc3 Nxc4 12. Qxc4 Qd5 13. Qb3 c5 14. c4 Qc6 15. Ne5 Qb6 16. Qxb6 axb6 17. f3 cxd4 18. exd4 Rfd8 19. Rfd1 Ra4 20. Be3 Nd7 21. g4 Bc2 22. Rdc1 Nxe5 23. dxe5 Bd3 24. Bxb6 Rc8 25. a3 Raxc4 26.
Rxc4 Bxc4 27. Rc1 Rc6 28. Be3 Bd5 29. Rxc6 Bxc6 30. Kf2 h6 31. h4 1/2-1/2

[Event "Early-Titled-Tuesday-Blitz-February-20-2024"]
[Site "Chess.com"]
[Date "2024.02.20"]
[Round "8"]
[White "Kotlyar_K"]
[Black "KorolDimitriy75"]
[Result "1-0"]
[WhiteElo "2594"]
[BlackElo "2437"]
[TimeControl "180+1"]
[EndTime "9:30:16 PST"]
[Termination "Kotlyar_K won on time"]

1. e4 c5 2. Nf3 d6 3. d4 cxd4 4. Qxd4 a6 5. e5 Nc6 6. Qa4 d5 7. Be3 e6 8. c3 Ne7 9. Bd3 Ng6 10. h4 Bd7 11. Bxg6 hxg6 12. Qc2 Be7 13. g3 g5 14. Nxg5 Nxe5 15. Nh3 Bb5 16. Nd2 Rc8 17. a4 Bd3 18. Qb3 b5 19. axb5 axb5 20. Nf4 Bf5 21. Qxb5+ Kf8 22.
Bb6 Qe8 23. Qxe8+ Kxe8 24. O-O g5 25. hxg5 Bxg5 26. Be3 Ng4 27. Nxd5 Bf4 28. Nxf4 1-0